 Dungeon Crawl Stone Soup version 0.31-a0-1005-gfbdfbacc72 (webtiles) character file.

Game seed: 14286166734002917479

(classic levelgen) 133 Amnesiac the Magician (level 5, -1/35 HPs)
             Began as a Djinni Conjurer on Nov 10, 2023.
             Killed by nerve-wracking pain
             ... invoked by an orc priest
              (5 damage)
             ... on level 3 of the Dungeon.
             The game lasted 00:02:44 (1499 turns).

Amnesiac the Magician (Djinni Conjurer)             Turns: 1499, Time: 00:02:45

Health: -1/35      AC:  2    Str:  6    XL:     5   Next: 40%
Gold:   99         EV: 12    Int: 21    God:
                   SH:  0    Dex: 12

rFire   + + .        (no weapon)
rCold   x . .        (no shield)
rNeg    . . .        a - +0 robe
rPois   ∞            (no helmet)
rElec   .            (no cloak)
rCorr   .            (no gloves)
SInv    .            (boots unavailable)
Will    .....        (no amulet)
Stlth   ++           (no ring)
HPRegen 0.25/turn    (no ring)
MPRegen 0.00/turn

%: infuse magic (-2 HP)
@: flying, very slightly contaminated
A: sickness immunity, fire resistance 2, cold vulnerability 1, float, innate
caster, HP casting, extra vitality 1
a: no special abilities


You were on level 3 of the Dungeon.
You visited 1 branch of the dungeon, and saw 3 of its levels.

You collected 103 gold pieces.
You donated 4 gold pieces to Zin.

Inventory:

Armour
 a - a +0 robe (worn)
Scrolls
 b - a scroll of enchant weapon {!r, unknown}
 c - 2 scrolls of teleportation {!r, unknown}
 d - a scroll of butterflies {!r, unknown}
 f - a scroll of poison {!r, unknown}
 g - 3 scrolls of identify {!r}
 h - a scroll of torment {!r, unknown}
Potions
 e - a potion of enlightenment {!q, unknown}
 i - a potion of curing {!q}


   Skills:
 - Level 2.1 Dodging
 - Level 1.5 Stealth
 + Level 5.0 Spellcasting
 + Level 5.0 Conjurations
 + Level 5.0 Hexes
   Level 0.0 Charms
 + Level 5.0 Summonings
 + Level 5.0 Necromancy
 + Level 5.0 Translocations
 + Level 5.0 Transmutations
 + Level 5.0 Fire Magic
 + Level 5.0 Ice Magic
 + Level 5.0 Air Magic
 + Level 5.0 Earth Magic
 + Level 5.0 Poison Magic


You knew the following spells:

 Your Spells              Type           Power      Damage    Failure   Level
a - Magic Dart            Conj           100%       1d8       1%          1
b - Searing Ray           Conj           52%        2d6       1%          2
c - Fulminant Prism       Conj/Hex       13%        3d8       14%         4
d - Dazzling Flash        Conj/Hex       52%        N/A       4%          3
e - Iskenderun's Mystic   Conj/Tloc      26%        2d7       14%         4
f - Apportation           Tloc           52%        N/A       1%          1
g - Scorch                Fire           52%        2d7       1%          2
Your spell library was empty.

Dungeon Overview and Level Annotations

Branches:
Dungeon (3/15)

Altars:
Zin

Annotations:
D:3 1 transporter


Innate Abilities, Weirdness & Mutations

You are immune to sickness and miasma.
You are immune to poison.
Your flesh is very heat resistant. (rF++)
You are vulnerable to cold. (rC-)
You float through the air rather than walking.
You learn spells naturally, not from books.
Your magical power is your life essence.
You have superior vitality. (+4 MHP)


Message History

You erupt in a blast of force!
The mystic blast hits the orc priest!
You kill the orc priest!
* * * LOW HITPOINT WARNING * * *
Casting: Iskenderun's Mystic Blast (quite dangerous; 14% risk of failure)
Confirm with . or Enter, or press ? or * to list all spells.
You erupt in a blast of force!
The mystic blast hits the orc.
The orc is severely wounded.
The orc is knocked back by the mystic blast.
The orc slams into the rock wall!
You kill the orc!
* * * LOW HITPOINT WARNING * * *
Your Spellcasting skill increases to level 5!
Your Conjurations skill increases to level 5!
Your Hexes skill increases to level 5!
Your Summonings skill increases to level 5!
Your Necromancy skill increases to level 5!
Your Translocations skill increases to level 5!
Your Transmutations skill increases to level 5!
Your Fire Magic skill increases to level 5!
Your Ice Magic skill increases to level 5!
Your Air Magic skill increases to level 5!
Your Earth Magic skill increases to level 5!
Your Poison Magic skill increases to level 5!
Casting: Iskenderun's Mystic Blast (quite dangerous; 14% risk of failure)
Confirm with . or Enter, or press ? or * to list all spells.
You miscast Iskenderun's Mystic Blast.
You are very lightly contaminated with residual magic.
Nothing appears to happen.
* * * LOW HITPOINT WARNING * * *
Casting: Iskenderun's Mystic Blast (quite dangerous; 14% risk of failure)
Confirm with . or Enter, or press ? or * to list all spells.
You erupt in a blast of force!
The mystic blast hits the orc.
The orc is almost dead.
The orc is knocked back by the mystic blast.
* * * LOW HITPOINT WARNING * * *
Casting: Iskenderun's Mystic Blast (quite dangerous; 14% risk of failure)
Confirm with . or Enter, or press ? or * to list all spells.
Aiming: Magic Dart (safe; 1% risk of failure)
Press: ? - help, Shift-Dir - straight line, f - orc
Aim: an orc, wielding a +0 whip and wearing a +0 leather armour (almost dead, 100% to hit)
The magic dart hits the orc but does no damage.
The orc is almost dead.
* * * LOW HITPOINT WARNING * * *
Casting: Magic Dart (safe; 1% risk of failure)
Confirm with . or Enter, or press ? or * to list all spells.
Aiming: Magic Dart (safe; 1% risk of failure)
Press: ? - help, Shift-Dir - straight line, f/p - orc
Aim: an orc, wielding a +0 whip and wearing a +0 leather armour (almost dead, 100% to hit)
The magic dart hits the orc.
You kill the orc!
* * * LOW HITPOINT WARNING * * *
You hear the slow rusting of a very distant drain.
An orc priest comes into view. It is wielding a +0 club.
Okay, then.
Casting: Magic Dart (safe; 1% risk of failure)
Confirm with . or Enter, or press ? or * to list all spells.
Okay, then.
Unknown command.
As you read the scroll labelled TAWUXEIQEHI {!r}, it crumbles to dust.
It is a scroll of identify.
i - a potion of curing {!q} The orc priest invokes the aid of Beogh against you.
Pain shoots through your body!
You die...

P~~S#.).# ~~~S#...#
P⌠~S#..)#
PP~~#.#.#### ##
...~#.#...<# .#####.
...~#.##..####o..o)oo
#+###.###..#...#
./.P#.#
##.#o###########
.©.8#.#
#>)....@.......
#####.
##############.


You could see an orc priest.

Vanquished Creatures
  An orc priest (D:3)
  3 gnolls (D:3)
  3 adders (D:2)
  2 dart slugs
  4 orcs
  8 endoplasms
  3 giant cockroaches
  2 hobgoblins (D:1)
  4 kobolds
  2 quokkas (D:1)
  A ball python (D:1)
  2 bats (D:2)
  A frilled lizard (D:1)
  3 goblins
  3 rats
42 creatures vanquished.

Vanquished Creatures (others)
  A fulminant prism (D:3)
1 creature vanquished.

Grand Total: 43 creatures vanquished

Notes
Turn   | Place    | Note
-------+----------+-------------------------------------------
     0 | D:1      | Amnesiac the Djinni Conjurer began the quest for the Orb.
     0 | D:1      | Amnesiac set off with the following spells memorised: Magic
                  | Dart, Searing Ray, Dazzling Flash, Fulminant Prism,
                  | Iskenderun's Mystic Blast.
     0 | D:1      | Reached XP level 1. HP: 15/15 MP: 0/0
    65 | D:1      | Reached XP level 2. HP: 20/21 MP: 0/0
   501 | D:1      | Found a faded altar of an unknown god.
   553 | D:1      | Prayed at the altar of an unknown god.
   553 | D:1      | Became a worshipper of Zin the Law-Giver
   553 | D:1      | Reached * piety under Zin
   554 | D:1      | Fell from the grace of Zin
   669 | D:1      | Reached XP level 3. HP: 17/25 MP: 0/0
   669 | D:1      | Learned a level 1 spell: Apportation
  1046 | D:2      | Reached XP level 4. HP: 27/31 MP: 0/0
  1451 | D:3      | Found a transporter.
  1465 | D:3      | Reached XP level 5. HP: 22/35 MP: 0/0
  1465 | D:3      | Learned a level 2 spell: Scorch
  1493 | D:3      | Reached skill level 5 in Spellcasting
  1493 | D:3      | Reached skill level 5 in Conjurations
  1493 | D:3      | Reached skill level 5 in Hexes
  1493 | D:3      | Reached skill level 5 in Summonings
  1493 | D:3      | Reached skill level 5 in Necromancy
  1493 | D:3      | Reached skill level 5 in Translocations
  1493 | D:3      | Reached skill level 5 in Transmutations
  1493 | D:3      | Reached skill level 5 in Fire Magic
  1493 | D:3      | Reached skill level 5 in Ice Magic
  1493 | D:3      | Reached skill level 5 in Air Magic
  1493 | D:3      | Reached skill level 5 in Earth Magic
  1493 | D:3      | Reached skill level 5 in Poison Magic
  1499 | D:3      | Killed from afar by an orc priest

Illustrated notes

Levels and vault maps discovered:
D:1:      psy_arrival_fountain, layout_loops_ring, basic_ecumenical_altar
D:2:      layout_basic, minivault_14, minmay_pentomino_r2
D:3:      gammafunk_steamed_eel, layout_basic, portal_sewer_entry_b,
          uniq_crazy_yiuf_cottage, uniq_sigmund

Skill      XL: |  1  2  3  4  5 |
---------------+----------------+-----
Spellcasting   | 4 5 |  5.0
Conjurations   | 4 5 |  5.0
Hexes          | 4 5 |  5.0
Summonings     | 4 5 |  5.0
Necromancy     | 4 5 |  5.0
Translocations | 4 5 |  5.0
Transmutations | 4 5 |  5.0
Fire Magic     | 4 5 |  5.0
Ice Magic      | 4 5 |  5.0
Air Magic      | 4 5 |  5.0
Earth Magic    | 4 5 |  5.0
Poison Magic   | 4 5 |  5.0
Dodging        | |  2.1
Stealth        | |  1.5

Action                     |  1- 3 |  4- 6 || total
---------------------------+-------+-------++-------
  Melee: Unarmed           |     3 |       ||     3
   Cast: Magic Dart        |    63 |    27 ||    90
         Iskenderun's Myst |       |     5 ||     5
         Fulminant Prism   |       |     1 ||     1
 Invoke: Renounce Religion |     1 |       ||     1
    Use: Scroll            |       |     1 ||     1
   Stab: Sleeping          |     1 |       ||     1
 Armour: Robe              |     3 |     2 ||     5
  Dodge: Dodged            |     8 |     3 ||    11

Table legend: (Time is in decaauts)
 A = Elapsed time spent in this place.
 B = Non-inter-level travel time spent in this place.
 C = Inter-level travel time spent in this place.
 D = Time resting spent in this place.
 E = Time spent auto-exploring this place.
 F = Levels seen in this place.
 G = Mean time per level.
                   A        B        C        D        E       F      G
               +--------+--------+--------+--------+--------+-----+--------+
         Total |   1498 |   1431 |     67 |      4 |   1232 |   3 |  499.3 |
       Dungeon |   1498 |   1431 |     67 |      4 |   1232 |   3 |  499.3 |
               +--------+--------+--------+--------+--------+-----+--------+

Top non-repeatable levels by time:
     D:1: 743 daAuts
     D:2: 704 daAuts
     D:3: 50 daAuts
